 Dungeon Crawl Stone Soup version 0.21-a0-70-g32e1473 (webtiles) character file.

140 xgamer67 the Skirmisher (level 5, 0/45 HPs)
             Began as a Human Monk on June 18, 2017.
             Was a Believer of Trog.
             Slain by a worker ant (7 damage)
             ... on level 3 of the Dungeon.
             The game lasted 00:05:28 (2748 turns).

xgamer67 the Skirmisher (Human Monk)                Turns: 2748, Time: 00:05:28

Health: 0/45       AC:  3    Str: 12    XL:     5   Next: 46%
Magic:  5/5        EV: 13    Int: 10    God:    Trog [**....]
Gold:   95         SH:  0    Dex: 16    Spells: 4/4 levels left

rFire    . . .     SeeInvis .   a - +1 hand axe (chop)
rCold    . . .     Gourm    .   (no shield)
rNeg     . . .     Faith    .   b - +0 robe
rPois    .         Spirit   .   (no helmet)
rElec    .         Reflect  .   (no cloak)
rCorr    .         Harm     .   d - +0 pair of gloves
MR       +....                  (no boots)
Stlth    ++........             (no amulet)
HPRegen  0.15/turn              m - ring of protection from magic
MPRegen  0.09/turn              (no ring)

@: no status effects
A: no striking features
a: Berserk, Trog's Hand, Burn Spellbooks, Renounce Religion


You were on level 3 of the Dungeon.
You worshipped Trog.
Trog was pleased with you.
You were not hungry.

You visited 1 branch of the dungeon, and saw 3 of its levels.

You collected 95 gold pieces.

Inventory:

Hand Weapons
 a - a +1 hand axe of chopping (weapon)
Armour
 b - a +0 robe (worn)
 d - a +0 pair of gloves (worn)
 i - a +0 chain mail
Jewellery
 m - a ring of protection from magic (left hand)
Scrolls
 j - a scroll of teleportation
 k - a scroll of enchant weapon
Potions
 e - 2 potions of curing
 f - a potion of lignification
 g - a potion of berserk rage
 h - a potion of flight
Comestibles
 c - 2 bread rations
 l - a royal jelly
 n - a chunk of flesh


   Skills:
 + Level 5.6 Fighting
 * Level 3.2 Axes
 - Level 3.0 Dodging
 - Level 2.0 Stealth


You had 4 spell levels left.
You didn't know any spells.

Dungeon Overview and Level Annotations

Branches:
Dungeon (3/15)

Altars:
Dithmenos
Trog


Message History

The worker ant is severely wounded.
You feel sick. The worker ant closely misses you.
You closely miss the worker ant.
The worker ant is severely wounded.
You feel sick. The worker ant bites you.
* * * LOW HITPOINT WARNING * * *
The worker ant bites you.
* * * LOW HITPOINT WARNING * * *
You hit the worker ant.
The worker ant is almost dead.
* * * LOW HITPOINT WARNING * * *
You feel sick. The worker ant bites you.
* * * LOW HITPOINT WARNING * * *
It was a potion of curing.
You feel better. The worker ant bites you.
* * * LOW HITPOINT WARNING * * *
You closely miss the worker ant.
The worker ant is almost dead.
The worker ant waves its antennae.
The worker ant bites you!
You die...

#.# #................#
#.####....###.#####..#
#.........###[# #..#
#..<.......##.# #..#
#..........##.#####..#
#..........##........#
#.......(.###.#####..#
#.##.#....###.# #.##
#....@a....##.# #.# ###
####.####(.##.# #.#
##.#########.# #..##.# #.#
#.........(#.# #..##.# #.#
##.#######.#.####..##.#####.#
#.# #........[.........# #.#
###.#####.##).)##### #####>#
#.#####.####.# ......#
#.......# #.#


You could see a worker ant.

Vanquished Creatures
  An orc wizard (D:3)
  3 adders
  3 oozes
  2 dart slugs (D:1)
  2 leopard geckos
  3 orcs (D:3)
  2 giant cockroaches (D:3)
  10 goblins
  4 hobgoblins
  3 jackals
  6 bats
  5 frilled lizards
  8 kobolds
  16 rats
68 creatures vanquished.

Notes
Turn   | Place    | Note
-------+----------+-------------------------------------------
     0 | D:1      | xgamer67 the Human Monk began the quest for the Orb.
     0 | D:1      | Reached XP level 1. HP: 18/18 MP: 1/1
   109 | D:1      | Reached XP level 2. HP: 8/24 MP: 2/2
   637 | D:1      | Reached skill level 4 in Fighting
   637 | D:1      | Reached XP level 3. HP: 22/30 MP: 3/3
  1382 | D:2      | Found a bloodstained altar of Trog.
  1397 | D:2      | Became a worshipper of Trog the Wrathful
  1397 | D:2      | Reached * piety under Trog
  1397 | D:2      | Reached ** piety under Trog
  1520 | D:2      | Reached XP level 4. HP: 35/38 MP: 4/4
  1556 | D:2      | Found a shadowy altar of Dithmenos.
  2005 | D:3      | Reached skill level 5 in Fighting
  2024 | D:3      | Found a faded altar of an unknown god.
  2208 | D:3      | Reached XP level 5. HP: 31/44 MP: 5/5
  2746 | D:3      | HP: 2/45 [worker ant (2)]
  2748 | D:3      | Slain by a worker ant

Vault maps used:
D:1:      dpeg_arrival_rooms_b, minmay_rat_gold_closets
D:2:      bloody_trog, grunt_dithmenos_smoke_and_mirrors
D:3:      first_bread, chequers_ecumenical_altar_simple_redux

Skill      XL: |  1  2  3  4 |
---------------+-------------+-----
Fighting       | 4 5 |  5.6
Axes           | |  3.2
Dodging        | |  3.0
Stealth        | |  2.0

Action                   |  1- 3 |  4- 6 || total
-------------------------+-------+-------++-------
Melee: Hand axe          |   106 |   106 ||   212
  Use: Scroll            |       |    10 ||    10
       Potion            |       |     1 ||     1
 Stab: Sleeping          |     8 |     5 ||    13
  Eat: Chunk             |     2 |     4 ||     6
Armor: Robe              |    20 |    29 ||    49
Dodge: Dodged            |    63 |    70 ||   133
